 Dungeon Crawl Stone Soup version 0.21.1-1-g345015f (webtiles) character file.

117 wojtek the Chopper (level 4, 0/39 HPs)
             Began as a Minotaur Fighter on July 7, 2018.
             Slain by Crazy Yiuf
             ... wielding a +4 quarterstaff of chaos
              (17 damage)
             ... on level 2 of the Dungeon.
             The game lasted 00:01:45 (1388 turns).

wojtek the Chopper (Minotaur Fighter)               Turns: 1388, Time: 00:01:46

Health: 0/39       AC:  6    Str: 21    XL:     4   Next: 71%
Magic:  3/3        EV:  7    Int:  5    God:
Gold:   147        SH:  9    Dex: 10    Spells: 3/3 levels left

rFire    . . .     SeeInvis .   a - +0 war axe
rCold    . . .     Gourm    .   c - +0 shield
rNeg     . . .     Faith    .   b - +0 scale mail
rPois    .         Spirit   .   (helmet restricted)
rElec    .         Reflect  .   (no cloak)
rCorr    .         Harm     .   (no gloves)
MR       .....                  (no boots)
Stlth    ..........             (no amulet)
HPRegen  0.13/turn              (no ring)
MPRegen  0.08/turn              (no ring)

@: lethally poisoned (0 -> -9)
A: retaliatory headbutt, horns 2
a: no special abilities


You were on level 2 of the Dungeon.
You were not hungry.

You visited 1 branch of the dungeon, and saw 2 of its levels.

You collected 147 gold pieces.

Inventory:

Hand Weapons
 a - a +0 war axe (weapon)
Armour
 b - a +0 scale mail (worn)
 c - a +0 shield (worn)
Scrolls
 g - a scroll of immolation {unknown}
 h - a scroll of teleportation {unknown}
 i - 3 scrolls of identify {unknown}
 l - a scroll of remove curse {unknown}
 m - a scroll of amnesia {unknown}
Potions
 d - a potion of might
 e - 2 potions of cancellation {unknown}
 k - 2 potions of heal wounds {unknown}
Comestibles
 f - 4 rations
 j - a chunk of flesh


   Skills:
 - Level 3.6 Fighting
 + Level 6.1 Axes
 - Level 3.6 Armour
 - Level 3.6 Shields


You had 3 spell levels left.
You didn't know any spells.

Dungeon Overview and Level Annotations

Branches:
Dungeon (2/15)

Altars:
Trog
Zin

Annotations:
D:2 Crazy Yiuf


Innate Abilities, Weirdness & Mutations

You reflexively headbutt those who attack you in melee.
You have a pair of horns on your head.


Message History

Key pressed, stopping explore.
Some of the chunks of flesh in your inventory have rotted away.
Partly explored, unopened runed door.
Partly explored, unopened runed door.
As you open the door, it creaks loudly!
Crazy Yiuf the Enlightened comes into view.
He is wielding a quarterstaff of chaos.
Crazy Yiuf shouts!
Found a mace.
Crazy Yiuf laughs, "Seed!
Mountain forty-two light."
There is an open door here.
You hit Crazy Yiuf.
Crazy Yiuf is moderately wounded.
Crazy Yiuf hits you with a quarterstaff of chaos!
You are poisoned.
You completely miss Crazy Yiuf. Your headbutt misses Crazy Yiuf.
Crazy Yiuf is moderately wounded.
You feel sick. You block Crazy Yiuf's attack.
Crazy Yiuf hits you with a quarterstaff of chaos.
You are electrocuted!
You die...

#......'...##..........
#......###.##..........
######## ###...........
#........... #####
#........... #..)#
#........... #...#
#.....#.#### #.g.#
#.#####.# #@# #.......#
##.# #.####### #.## #.#
##.# #.# #.## #.# ##.##
#.# #...## #.# #....#
#.# #....# #.#


You could see Crazy Yiuf.

Vanquished Creatures
  Jessica (D:2)
  2 adders (D:2)
  2 oozes (D:1)
  2 worms (D:2)
  A leopard gecko (D:2)
  2 bats (D:2)
  2 giant cockroaches
  7 hobgoblins
  7 jackals (D:2)
  A quokka (D:2)
  A ball python (D:2)
  2 frilled lizards (D:2)
  10 goblins
  8 kobolds
  7 rats
55 creatures vanquished.

Notes
Turn   | Place    | Note
-------+----------+-------------------------------------------
     0 | D:1      | wojtek the Minotaur Fighter began the quest for the Orb.
     0 | D:1      | Reached XP level 1. HP: 19/19 MP: 0/0
     9 | D:1      | Reached skill level 3 in Axes
    12 | D:1      | Reached XP level 2. HP: 25/26 MP: 1/1
   182 | D:1      | Reached skill level 4 in Axes
   297 | D:1      | Reached XP level 3. HP: 24/31 MP: 2/2
   415 | D:1      | Found a glowing silver altar of Zin.
   806 | D:2      | Reached skill level 5 in Axes
   846 | D:2      | Found a runed door.
   940 | D:2      | Reached XP level 4. HP: 39/39 MP: 3/3
   950 | D:2      | Noticed Jessica
   958 | D:2      | Killed Jessica
  1054 | D:2      | Found a bloodstained altar of Trog.
  1120 | D:2      | Reached skill level 6 in Axes
  1385 | D:2      | Noticed Crazy Yiuf
  1388 | D:2      | Slain by Crazy Yiuf

Skill      XL: |  1  2  3  4 |
---------------+-------------+-----
Axes           | 3 4 5 6 |  6.1
Fighting       | |  3.6
Armour         | |  3.6
Shields        | |  3.6

Action                   |  1- 3 |  4- 6 || total
-------------------------+-------+-------++-------
Melee: War axe           |    96 |    27 ||   123
       Headbutt          |     7 |     6 ||    13
  Eat: Chunk             |       |     2 ||     2
Armor: Scale mail        |    38 |    11 ||    49
Dodge: Dodged            |    22 |    11 ||    33
Block: Shield            |    36 |     8 ||    44
